 Dungeon Crawl Stone Soup version 0.28.0 (console) character file.

Game seed: 9599187137356805594

365437 ryathie the Slayer (level 22, -41/160 HPs)
             Began as a Gargoyle Fighter on Feb 18, 2022.
             Was the Champion of the Shining One.
             Killed from afar by an ancient champion (46 damage)
             ... with an iron shot
             ... in the Vestibule of Hell.
             The game lasted 02:38:04 (28331 turns).

ryathie the Slayer (Gargoyle Fighter)              Turns: 28331, Time: 02:38:05

Health: -41/160    AC: 37    Str: 25    XL:     22   Next: 16%
Magic:  0/34       EV: 14    Int:  9    God:    the Shining One [******]
Gold:   1147       SH: 22    Dex: 15    Spells: 21/21 levels left

rFire   + . .      SeeInvis .   a - +5 broad axe (vorpal)
rCold   + + .      Faith    .   Y - +2 tower shield {AC+3}
rNeg    + + +      Spirit   +   y - +0 troll leather armour
rPois   ∞          Reflect  .   i - +1 helmet
rElec   +          Harm     .   U - +2 cloak {Will+}
rCorr   +          Rampage  .   n - +0 pair of gloves
Will    ++...                   I - +1 pair of boots
Stlth   +.........              w - amulet of guardian spirit
HPRegen 1.16/turn               u - ring of protection from fire
MPRegen 0.24/turn               z - ring of protection from cold

@: resistant, fire vulnerable, flying, glowing
A: sickness immunity, AC +16, big wings, negative energy resistance 1,
electricity resistance, torment resistance 1, petrification resistance
}: 3/15 runes: serpentine, barnacled, silver
a: Renounce Religion, Divine Shield, Cleansing Flame, Summon Divine Warrior,
Brand Weapon With Holy Wrath


You were in the Vestibule of Hell.
You worshipped the Shining One.
The Shining One was exalted by your worship.
You visited 9 branches of the dungeon, and saw 39 of its levels.
You visited the Abyss 1 time.
You also visited: Ice Cave and Volcano.

You collected 4188 gold pieces.
You spent 3041 gold pieces at shops.

Inventory:

Hand Weapons
 a - a +5 vorpal broad axe (weapon)
 b - a +3 broad axe of flaming
Missiles
 e - 2 curare-tipped darts
 j - 42 poisoned darts (quivered)
 F - 4 throwing nets
Armour
 i - a +1 helmet (worn)
 n - a +0 pair of gloves (worn)
 y - a +0 troll leather armour (worn)
 I - a +1 pair of boots (worn)
 U - a +2 cloak of willpower (worn)
 Y - a +2 tower shield of protection (worn)
Jewellery
 u - a ring of protection from fire (left hand)
 w - an amulet of guardian spirit (around neck)
 z - a ring of protection from cold (right hand)
 M - a ring of willpower
 O - the ring "Foesoug" {rC- MP+9 Dex+4 Slay+3 Stlth+}
   (You found it on level 14 of the Dungeon)

   [ring of magical power]

   Dex:       It affects your dexterity (+4).
   Slay:      It affects your accuracy & damage with ranged weapons and melee
   (+3).
   rC:        It makes you vulnerable to cold.
   MP:        It affects your magic capacity (+9).
   Stlth:     It makes you more stealthy.
 Q - a +4 ring of protection
 S - a +4 ring of evasion
 W - an amulet of reflection
Wands
 l - a wand of digging (7)
 A - a wand of iceblast (23)
 G - a wand of paralysis (29)
 T - a wand of charming (8)
 V - a wand of acid (3)
Scrolls
 g - 4 scrolls of fear
 m - 7 scrolls of teleportation
 q - a scroll of blinking
 s - 7 scrolls of magic mapping
 t - a scroll of summoning
 C - 8 scrolls of fog
 J - 2 scrolls of brand weapon
 K - a scroll of silence
 N - 4 scrolls of enchant armour
 X - 2 scrolls of amnesia
Potions
 c - 4 potions of attraction
 d - 6 potions of might
 k - 9 potions of curing
 o - a potion of heal wounds
 p - 4 potions of haste
 v - a potion of resistance
 x - 2 potions of ambrosia
 B - 8 potions of mutation
 D - a potion of berserk rage
 E - 3 potions of brilliance
 H - a potion of magic
Miscellaneous
 h - a box of beasts
 L - a phantom mirror
 R - a lightning rod (4/4)


   Skills:
 - Level 23.0 Fighting
 - Level 18.0 Axes
 - Level 2.0 Throwing
 - Level 15.0 Armour
 - Level 8.0 Dodging
 * Level 17.8 Shields
 - Level 17.0 Invocations
 - Level 4.0 Evocations


You had 21 spell levels left.
You didn't know any spells.
Your spell library contained the following spells:

 Spells                   Type           Power      Damage    Failure   Level
 Animate Skeleton         Necr           0%         N/A       75%         1
 Summon Small Mammal      Summ           0%         N/A       75%         1
 Corpse Rot               Necr/Air       0%         N/A       87%         2
 Call Canine Familiar     Summ           0%         N/A       98%         3
 Dazzling Flash           Conj/Hex       0%         N/A       98%         3
 Portal Projectile        Hex/Tloc       0%         N/A       98%         3
 Summon Guardian Golem    Hex/Summ       0%         N/A       98%         3
 Vampiric Draining        Necr           0%         2d6       98%         3
 Airstrike                Air            0%         N/A       100%        4
 Animate Armour           Summ/Erth      0%         N/A       100%        4
 Hailstorm                Conj/Ice       0%         3d3       100%        4
 Leda's Liquefaction      Hex/Erth       0%         N/A       100%        4
 Passage of Golubria      Tloc           0%         N/A       100%        4
 Summon Lightning Spire   Summ/Air       0%         N/A       100%        4
 Agony                    Necr           0%         N/A       100%        5
 Lightning Bolt           Conj/Air       0%         1d11      100%        5
 Silence                  Hex/Air        0%         N/A       100%        5
 Conjure Ball Lightning   Conj/Air       0%         3x3d6     100%        6
 Dispersal                Tloc           0%         N/A       100%        6
 Ozocubu's Refrigeration  Ice            0%         4d5       100%        7
 Borgnjor's Revivificati  Necr           0%         N/A       100%        8
 Discord                  Hex            0%         N/A       100%        8
 Disjunction              Tloc           0%         N/A       100%        8
 Lehudib's Crystal Spear  Conj/Erth      0%         10d2      100%        8
 Necromutation            Tmut/Necr      0%         N/A       100%        8
 Death's Door             Necr           0%         N/A       100%        9
 Polar Vortex             Ice            0%         N/A       100%        9


Dungeon Overview and Level Annotations

Branches:
Dungeon (15/15)            Temple (1/1) D:5            Lair (6/6) D:10
 Shoals (4/4) Lair:2        Snake (4/4) Lair:4        Slime (0/5) Lair:5
    Orc (2/2) D:11            Elf (0/3) Orc:2        Vaults (5/5) D:13
  Crypt (0/3) Vaults:3     Depths (1/4) D:15           Hell (1/1)
  IceCv (visited)         Volcano (visited)
    Dis: Hell:1         Geh: Hell:1         Coc: Hell:1         Tar: Hell:1

Altars:
Cheibriados
Dithmenos
Gozag
Kikubaaqudgha
Makhleb
Ru
Sif Muna
Xom
The Shining One

Shops:
D:4 !   D:10 *   D:12 !   Orc:2 ((**:   Shoals:4 ?   Vaults:4 ?   Depths:1 [

Portals:
Hell: Depths:1
Trove: D:13 (give 2 scrolls of acquirement)

Annotations:
D:15 2 transporters
Lair:6 exclusion: oklob plant
Hell Geryon


Innate Abilities, Weirdness & Mutations

You are immune to sickness and miasma.
Your stone body is resilient. (AC +16)
You are immune to poison.
Your large and strong wings let you fly.
You resist negative energy. (rN+)
You are resistant to electric shocks. (rElec)
You are resistant to unholy torment.
You are immune to petrification.


Message History

You hear a shout!
The ancient champion hits you but does no damage.
Activating: Cleansing Flame (0% risk of failure)
Press: ? - help, Dir - look around, f - activate The golden flame engulfs you but does no damage.
The golden flame engulfs the ancient champion!!!
The ancient champion writhes in agony!
You destroy the ancient champion!
The Shining One accepts your kill.
The golden flame engulfs the ancient champion but does no damage.
The ancient champion is severely damaged.
You hear a chilling moan.
The blizzard demon waves its arms in wide circles.
The air twists around and strikes you.
* * * LOW HITPOINT WARNING * * *
A reaper comes into view. It is wielding a +3 scythe of freezing.
A shadow dragon comes into view.
Training target 23.0 for Fighting reached!
Your Fighting skill increases to level 23!
You slash the ancient champion!
The ancient champion is almost destroyed.
The ancient champion hits you with a +2 battleaxe of pain!
* * * LOW HITPOINT WARNING * * *
A shadow wraith comes into view.
You block the ancient champion's attack.
You barely miss the ancient champion.
The ancient champion is severely damaged.
You slash the shadow dragon!
The shadow dragon breathes negative energy at you.
The bolt of negative energy hits you but does no damage.
You resist.
The ancient champion casts a spell at you.
The iron shot misses you.
Okay, then.
You hit the ancient champion but do no damage.
The ancient champion is severely damaged.
You hit the shadow dragon but do no damage.
The ancient champion gestures at you while chanting.
The iron shot hits you!!!
You die...

##.2#
##.###
#2.#
#)### #..
#2##
##n.# #z#
#@## #.D#
#..2.....
#########


You could see a searing wretch, a shadow dragon (catching breath), 2 reapers, an
ancient champion (fast) and a blizzard demon.

Vanquished Creatures
  A golden dragon (Vaults:5)
  A searing wretch (Hell)
  A titan (Vaults:5)
  A lich (Vaults:1)
  A quicksilver dragon (Vaults:5)
  An ancient champion (Hell)
  A tentacled starspawn (Abyss:2)
  2 shadow dragons
  2 storm dragons (Vaults:5)
  Kirke (D:13)
  Gastronok (D:12)
  2 sphinxes
  4 tengu reavers
  5 nagarajas
  2 frost giants (Vaults:5)
  2 fire giants (Depths:1)
  2 orc warlords
  19 vault wardens
  A balrug (Abyss:3)
  A cacodemon (Hell)
  3 spectral caustic shrikes (Depths:1)
  3 war gargoyles
  16 ironbound preservers
  2 reapers
  6 ironbound thunderhulks
  6 stone giants
  A vampire knight (Hell)
  4 very ugly things
  A deep elf demonologist (Vaults:5)
  2 deep elf annihilators (Vaults:5)
  An entropy weaver (Vaults:1)
  Azrael (D:13)
  9 dire elephants
  7 merfolk impalers
  6 ettins
  2 crystal guardians (Vaults:4)
  2 eidola (Vaults:2)
  A deep elf high priest (Vaults:1)
  2 fire dragons (D:15)
  13 yaktaur captains
  2 great orbs of eyes
  5 naga warriors
  10 hydras
  A rakshasa (Abyss:3)
  Erolcha (Orc:2)
  A quicksilver dragon skeleton (Hell)
  17 vault guards
  2 peacekeepers
  6 boulder beetles
  2 salamander tyrants
  2 ogre magi (Vaults:5)
  5 ironbound frosthearts
  2 catoblepae
  9 anacondas
  13 centaur warriors
  2 merfolk avatars (Shoals:4)
  4 alligator snapping turtles
  2 deep troll shamans
  7 two-headed ogres
  4 merfolk aquamancers
  A death knight (D:12)
  An alligator (shapeshifter) (Vaults:5)
  A spriggan berserker (Depths:1)
  6 death yaks (Lair:6)
  2 naga sharpshooters
  Urug (D:11)
  An orc high priest (Orc:1)
  Nergalle (Lair:3)
  Sonja (Lair:3)
  3 hell knights
  5 shock serpents
  A sixfirhy (Abyss:3)
  A wretched star (Vaults:5)
  4 sun demons (Abyss:3)
  4 skeletal warriors
  5 salamander mystics
  36 deep trolls
  2 iron trolls (Depths:1)
  A glowing orange brain (shapeshifter) (Vaults:5)
  11 sea snakes
  2 naga ritualists
  A flayed ghost (Vaults:2)
  11 ironbound convokers
  8 wizards
  7 lindwurms
  2 necromancers
  4 phantasmal warriors
  7 orc knights
  A lindwurm (shapeshifter) (D:11)
  3 mana vipers
  12 harpies
  2 deep elf pyromancers
  A harpy (shapeshifter) (D:13)
  An orc sorcerer (Orc:1)
  12 manticores
  9 fauns
  A worldbinder (Abyss:3)
  14 salamanders
  10 cyclopes
  20 ugly things
  14 merfolk sirens
  3 guardian serpents
  20 black mambas
  16 elephants
  12 naga magi
  6 water nymphs
  A molten gargoyle (Volcano)
  14 vault sentinels
  An ice statue (IceCv)
  A frost giant skeleton (Vaults:4)
  10 cane toads
  4 unseen horrors
  An orange demon (Hell)
  A gargoyle (D:13)
  A rime drake (shapeshifter) (D:15)
  A kobold demonologist (D:11)
  4 efreet
  4 freezing wraiths
  An ice devil (Hell)
  7 komodo dragons
  3 anaconda simulacra (IceCv)
  6 rime drakes
  An ancient zyme (Abyss:3)
  32 yaktaurs
  4 polar bears (Lair:6)
  19 merfolk
  2 wind drakes (Shoals:4)
  4 hornets
  10 trolls
  2 raiju (Abyss:3)
  28 blink frogs
  38 slime creatures
  Prince Ribbit (D:6)
  5 dream sheep (Lair:6)
  A slime creature (shapeshifter) (Vaults:5)
  8 snapping turtles
  2 spriggans (Depths:1)
  12 water elementals
  A shadow (D:12)
  A spriggan (shapeshifter) (Vaults:5)
  A centaur simulacrum (D:11)
  6 basilisks
  7 wraiths
  A wyvern (Lair:3)
  7 fire elementals
  3 large abominations (Abyss:3)
  3 fire bats (Lair:3)
  29 yaks
  2 hogs (D:14)
  A redback (Vaults:1)
  6 vampire mosquitoes
  A redback (shapeshifter) (Abyss:3)
  3 small abominations
  24 nagas
  8 wargs
  An acid dragon (D:12)
  2 death yak simulacra (IceCv)
  16 water moccasins
  A hell hound (D:13)
  32 orc warriors
  2 black bears
  13 starcursed masses (Abyss:3)
  An ice beast (D:6)
  4 boggarts (Vaults:2)
  19 wolves
  14 centaurs
  13 ogres
  2 gnoll sergeants (D:8)
  A scorpion (D:6)
  5 two-headed ogre simulacra (IceCv)
  An earth elemental (Volcano)
  A human skeleton (Vaults:4)
  3 cane toad simulacra (IceCv)
  9 bullfrogs
  A wyvern skeleton (D:5)
  2 water moccasin skeletons
  An elephant simulacrum (IceCv)
  11 electric eels
  A howler monkey (D:8)
  3 centaur zombies
  2 hounds (D:6)
  4 jellies
  10 orc priests
  4 bullfrog skeletons
  An iguana (D:4)
  17 orc wizards
  2 hell rats (Lair:3)
  10 spriggan simulacra (IceCv)
  5 polar bear simulacra (IceCv)
  3 wolf simulacra (IceCv)
  3 troll simulacra (IceCv)
  A killer bee zombie (D:8)
  A hound zombie (D:5)
  Robin (D:2)
  14 gnolls
  4 naga simulacra (IceCv)
  7 river rats (Lair:3)
  5 adders
  2 shadow imps (D:5)
  5 white imps
  6 ufetubi
  A dart slug (D:2)
  45 orcs
  5 ball pythons
  2 endoplasms
  3 giant cockroaches
  11 hobgoblins
  11 jackals
  3 kobolds
  A quokka (D:5)
  3 training dummies (Orc:2)
  3 bats
  A frilled lizard (D:1)
  9 goblins
  6 rats
  3 fire vortices (Volcano)
  A starspawn tentacle (Abyss:2)
1230 creatures vanquished.

Vanquished Creatures (collateral kills)
  Mara (Vaults:5)
  Sojobo (Vaults:4)
  Margery (Vaults:2)
  Saint Roka (Vaults:3)
  Jorgrun (D:13)
  A tentacled monstrosity (Vaults:5)
  Asterion (Snake:3)
  A quicksilver dragon (Vaults:5)
  A titan (Vaults:5)
  2 tengu reavers
  2 shadow dragons (Vaults:5)
  2 nagarajas (Snake:4)
  2 vault wardens (Vaults:5)
  2 frost giants
  An iron dragon (Vaults:5)
  4 ironbound preservers
  2 ironbound thunderhulks
  A deep elf demonologist (Vaults:5)
  2 dire elephants (Vaults:3)
  An ettin (Vaults:5)
  A merfolk javelineer (Shoals:4)
  A merfolk impaler (Shoals:4)
  A yaktaur captain (Vaults:5)
  16 vault guards
  2 salamander tyrants (Snake:4)
  2 naga warriors (Snake:4)
  An ironbound frostheart (Vaults:4)
  An anaconda (Snake:4)
  A merfolk aquamancer (Shoals:1)
  A centaur warrior (D:13)
  A deep troll earth mage (Vaults:1)
  A hell knight (Vaults:2)
  2 naga sharpshooters (Snake:4)
  10 deep trolls
  3 phantasmal warriors
  2 naga ritualists (Snake:4)
  2 ironbound convokers (Vaults:4)
  5 ugly things
  A cyclops (Shoals:4)
  A human zombie (Vaults:4)
  2 orc knights
  2 manticores
  3 fauns (Shoals:1)
  3 guardian serpents (Snake:4)
  4 vault sentinels (Vaults:5)
  A naga mage (Snake:4)
  A merfolk siren (Shoals:1)
  3 freezing wraiths
  2 yaktaurs
  2 merfolk (Shoals:1)
  A meliai (shapeshifter) (D:13)
  A blink frog (shapeshifter) (D:13)
  A snapping turtle (Shoals:1)
  4 nagas (Snake:4)
  A boggart (shapeshifter) (Vaults:5)
116 creatures vanquished.

Vanquished Creatures (others)
  An orc (Orc:2)
  A fire vortex (Volcano)
  42 fungi
  99 plants
  A starspawn tentacle (Abyss:2)
  A withered plant (D:12)
145 creatures vanquished.

Grand Total: 1491 creatures vanquished

Notes
Turn   | Place    | Note
-------+----------+-------------------------------------------
     0 | D:1      | ryathie the Gargoyle Fighter began the quest for the Orb.
     0 | D:1      | Reached XP level 1. HP: 14/14 MP: 1/1
    70 | D:1      | Reached XP level 2. HP: 3/20 MP: 2/2
   127 | D:1      | Found a faded altar of an unknown god.
   169 | D:1      | HP: 1/20 [frozen (5)]
   207 | D:1      | HP: 1/20 [giant cockroach (2)]
   410 | D:1      | Reached XP level 3. HP: 5/24 MP: 3/3
   447 | D:1      | Reached skill level 4 in Fighting
   730 | D:2      | Noticed Robin
   743 | D:2      | Reached XP level 4. HP: 19/30 MP: 4/4
   759 | D:2      | Killed Robin
   950 | D:3      | Found an opulent altar of Gozag.
  1071 | D:4      | Found Poshops's Distillery.
  1079 | D:4      | Reached skill level 5 in Fighting
  1079 | D:4      | Reached XP level 5. HP: 35/35 MP: 5/5
  1089 | D:4      | Bought a potion of heal wounds for 50 gold pieces
  1089 | D:4      | Bought a potion of haste for 100 gold pieces
  1139 | D:5      | Entered Level 5 of the Dungeon
  1159 | D:5      | Found a staircase to the Ecumenical Temple.
  1167 | Temple   | Entered the Ecumenical Temple
  1209 | Temple   | Became a worshipper of the Shining One
  1601 | D:5      | Reached XP level 6. HP: 27/40 MP: 6/6
  1611 | D:5      | Reached XP level 7. HP: 31/44 MP: 7/7
  1672 | D:5      | Noticed a hornet
  1680 | D:5      | Killed a hornet
  1701 | D:5      | Found a shadowy altar of Dithmenos.
  1709 | D:5      | Reached XP level 8. HP: 37/51 MP: 8/8
  1761 | D:5      | Reached * piety under the Shining One
  1814 | D:6      | Reached skill level 6 in Fighting
  1955 | D:6      | Noticed Prince Ribbit
  1961 | D:6      | Killed Prince Ribbit
  2003 | D:6      | Reached skill level 5 in Armour
  2058 | D:7      | Reached XP level 9. HP: 56/56 MP: 9/9
  2352 | D:8      | Found an ancient bone altar of Kikubaaqudgha.
  2383 | D:8      | Found a shimmering altar of Xom.
  2738 | D:10     | Entered Level 10 of the Dungeon
  2738 | D:10     | Noticed a hornet
  2738 | D:10     | Noticed a two-headed ogre
  2749 | D:10     | Noticed a troll
  2756 | D:10     | Killed a hornet
  2757 | D:10     | Reached skill level 1 in Evocations
  2768 | D:10     | Killed a two-headed ogre
  2769 | D:10     | Reached skill level 1 in Throwing
  2781 | D:10     | Killed a troll
  2818 | D:10     | Found Joafel's Assorted Antiques.
  2826 | D:10     | Bought a pink potion for 32 gold pieces
  2826 | D:10     | Bought a thin malachite amulet for 180 gold pieces
  2893 | D:10     | Reached skill level 7 in Fighting
  2893 | D:10     | Reached XP level 10. HP: 26/63 MP: 7/10
  3010 | D:10     | Reached ** piety under the Shining One
  3033 | D:10     | Found a staircase to the Lair.
  3090 | Lair:1   | Entered Level 1 of the Lair of Beasts
  3095 | Lair:1   | Reached skill level 5 in Shields
  3337 | Lair:1   | Noticed a cane toad
  3338 | Lair:1   | Noticed a cane toad
  3361 | Lair:1   | Killed a cane toad
  3369 | Lair:1   | Killed a cane toad
  3389 | Lair:1   | Reached skill level 8 in Fighting
  3389 | Lair:1   | Reached XP level 11. HP: 56/68 MP: 7/11
  3530 | Lair:2   | Reached skill level 1 in Dodging
  3623 | Lair:2   | Noticed a seven-headed hydra
  3808 | Lair:3   | Reached skill level 9 in Fighting
  3980 | Lair:3   | Found a dark tunnel.
  3990 | Volcano  | Entered a volcano
  3993 | Volcano  | Reached *** piety under the Shining One
  4485 | Lair:4   | Found a staircase to the Snake Pit.
  4494 | Lair:4   | Reached XP level 12. HP: 74/77 MP: 12/12
  4595 | Lair:4   | Noticed a six-headed hydra
  4604 | Lair:4   | Killed a one-headed hydra
  4605 | Lair:4   | Reached skill level 10 in Fighting
  4682 | Lair:5   | Found a staircase to the Slime Pits.
  4790 | Lair:5   | Reached skill level 11 in Fighting
  5026 | Lair:6   | Entered Level 6 of the Lair of Beasts
  5176 | Lair:6   | Reached skill level 12 in Fighting
  5176 | Lair:6   | Noticed a boulder beetle
  5241 | Lair:6   | Reached skill level 15 in Axes
  5253 | Lair:6   | Reached XP level 13. HP: 53/87 MP: 7/13
  5273 | Lair:6   | Found a frozen archway.
  5302 | Lair:6   | Reached **** piety under the Shining One
  5323 | Lair:6   | Reached skill level 1 in Invocations
  5358 | IceCv    | Entered an ice cave
  5598 | IceCv    | Reached ***** piety under the Shining One
  6201 | IceCv    | Noticed a reaper
  6378 | IceCv    | Killed a reaper
  6379 | IceCv    | Reached skill level 13 in Fighting
  6935 | IceCv    | Identified the +4 war axe "Neesomill" {freeze, Dex+2
                  | Stlth+}
  7065 | Lair:6   | Reached ****** piety under the Shining One
  7109 | Lair:6   | Reached skill level 5 in Invocations
  7318 | Lair:6   | Identified the ring of Gatex {rPois rN+ SInv Stlth-}
  7616 | Lair:6   | Gained mutation: Your large and strong wings let you fly.
                  | [Gargoyle growth]
  7616 | Lair:6   | Reached XP level 14. HP: 90/95 MP: 14/19
  7692 | Lair:6   | Noticed a dire elephant
  7705 | Lair:6   | Killed a dire elephant
  7907 | Lair:3   | Noticed Sonja
  7907 | Lair:3   | Noticed Nergalle
  7930 | Lair:3   | Killed Sonja
  7947 | Lair:3   | Killed Nergalle
  7980 | Lair:3   | Reached skill level 14 in Fighting
  8300 | Lair:2   | Found a staircase to the Shoals.
  8447 | D:11     | Reached skill level 10 in Invocations
  8449 | D:11     | Found a staircase to the Orcish Mines.
  8458 | Orc:1    | Entered Level 1 of the Orcish Mines
  8469 | Orc:1    | Found Nape's Needful Niceties.
  8506 | Orc:1    | Paralysed by an orc sorcerer for 7 turns
  8514 | Orc:1    | Paralysed by an orc sorcerer for 5 turns
  8840 | Orc:2    | Entered Level 2 of the Orcish Mines
  9389 | Orc:2    | Found Nephudos's Assorted Antiques.
  9389 | Orc:2    | Found Yvuhoqeixe's General Store.
  9389 | Orc:2    | Found Xexeidut's Book Shop.
  9393 | Orc:2    | Found Cotzio's Weapon Emporium.
  9400 | Orc:2    | Bought a scroll labelled QORHUR FULAINI for 30 gold pieces
  9421 | Orc:2    | Bought a potion of brilliance for 52 gold pieces
  9421 | Orc:2    | Bought a scroll of teleportation for 39 gold pieces
  9421 | Orc:2    | Bought a phantom mirror for 520 gold pieces
  9422 | Orc:2    | Bought a scroll of identify for 60 gold pieces
  9422 | Orc:2    | Bought a potion of curing for 90 gold pieces
  9455 | Orc:2    | Noticed Erolcha
  9498 | Orc:2    | Killed Erolcha
  9526 | Orc:2    | Found a staircase to the Elven Halls.
  9526 | Orc:2    | Found Qienko's Firing Range.
  9690 | D:11     | Reached skill level 15 in Fighting
  9714 | D:11     | Noticed Urug
  9729 | D:11     | Killed Urug
  9740 | D:11     | Reached XP level 15. HP: 82/103 MP: 13/24
 10213 | D:12     | Found Jamowkah's Distillery.
 10221 | D:12     | Bought a potion of attraction for 42 gold pieces
 10221 | D:12     | Bought a potion of mutation for 112 gold pieces
 10381 | D:12     | Noticed Gastronok
 10429 | D:12     | Killed Gastronok
 10928 | D:12     | You are sucked into a shaft and drop 3 floors!
 10928 | D:15     | Entered Level 15 of the Dungeon
 10928 | D:15     | Found a transporter.
 10931 | D:15     | Found a transporter.
 10935 | D:15     | Found a transporter.
 10935 | D:15     | Found a transporter.
 10939 | D:15     | Found a transporter.
 10939 | D:15     | Found a transporter.
 11070 | D:14     | Identified the ring "Foesoug" {rC- MP+9 Dex+4 Slay+3
                  | Stlth+}
 11215 | D:14     | Reached skill level 16 in Fighting
 11482 | D:14     | Noticed Kirke
 11615 | D:13     | Noticed Azrael
 11633 | D:13     | Killed Azrael
 12074 | D:13     | Found a portal to a secret trove of treasure.
 12148 | D:13     | Noticed Jorgrun
 12160 | D:13     | Killed Jorgrun
 12161 | D:13     | Reached XP level 16. HP: 105/110 MP: 15/26
 12261 | D:13     | Reached skill level 10 in Shields
 12310 | D:13     | Found a gate to the Vaults.
 12730 | D:13     | Killed Kirke
 12825 | D:15     | Found a staircase to the Depths.
 12891 | D:15     | Found a sacrificial altar of Ru.
 13386 | Snake:1  | Entered Level 1 of the Snake Pit
 13577 | Snake:2  | Noticed a nagaraja
 13599 | Snake:2  | Killed a nagaraja
 13868 | Snake:3  | Noticed Asterion
 14113 | Snake:3  | Noticed a nagaraja
 14140 | Snake:3  | Killed a nagaraja
 14279 | Snake:3  | Reached skill level 5 in Dodging
 14533 | Snake:3  | Killed Asterion
 14790 | Snake:4  | Entered Level 4 of the Snake Pit
 14796 | Snake:3  | Reached skill level 10 in Armour
 14828 | Snake:4  | Reached XP level 17. HP: 115/115 MP: 27/27
 15947 | Snake:4  | Got a serpentine rune of Zot
 16207 | Shoals:1 | Entered Level 1 of the Shoals
 16623 | Shoals:2 | Reached skill level 15 in Shields
 17157 | Shoals:3 | Reached XP level 18. HP: 120/120 MP: 26/28
 17287 | Shoals:4 | Entered Level 4 of the Shoals
 17839 | Shoals:4 | Found Rittacum's Magic Scroll Boutique.
 17848 | Shoals:4 | Bought a scroll of acquirement for 936 gold pieces
 17849 | Shoals:4 | Acquired a +1 vorpal broad axe
 18322 | Shoals:4 | Reached skill level 15 in Invocations
 18365 | Shoals:4 | Got a barnacled rune of Zot
 18402 | Shoals:4 | Bought a scroll of enchant weapon for 135 gold pieces
 18402 | Shoals:4 | Bought a scroll of blinking for 135 gold pieces
 18402 | Shoals:4 | Bought a scroll of teleportation for 54 gold pieces
 18402 | Shoals:4 | Bought a scroll of brand weapon for 360 gold pieces
 18721 | Vaults:1 | Entered Level 1 of the Vaults
 18937 | Vaults:1 | Reached skill level 17 in Fighting
 19151 | Vaults:1 | HP: 6/123 [disintegration (35)]
 19763 | Vaults:1 | Reached XP level 19. HP: 128/128 MP: 30/30
 20640 | Vaults:2 | Noticed Margery
 20686 | Vaults:2 | Killed Margery
 21843 | Vaults:3 | Found a staircase to the Crypt.
 22007 | Vaults:4 | Noticed Saint Roka
 22633 | Vaults:4 | Reached skill level 18 in Fighting
 22783 | Vaults:3 | Killed Saint Roka
 23130 | Vaults:4 | Noticed Sojobo
 23150 | Vaults:4 | Paralysed by an air elemental for 1 turns
 23166 | Vaults:4 | Killed Sojobo
 23167 | Vaults:4 | Reached XP level 20. HP: 91/136 MP: 18/32
 23219 | Vaults:4 | Found Bouru's Magic Scroll Emporium.
 23279 | Vaults:4 | Bought a scroll of blinking for 90 gold pieces
 23279 | Vaults:4 | Bought a scroll of fog for 24 gold pieces
 23416 | Vaults:4 | Reached skill level 15 in Armour
 23827 | Vaults:4 | You are sucked into a shaft and drop 1 floor!
 23827 | Vaults:5 | Entered Level 5 of the Vaults
 23842 | Vaults:5 | Noticed Mara
 23851 | Vaults:5 | Killed Mara
 23884 | Vaults:5 | Reached skill level 19 in Fighting
 23906 | Vaults:5 | Identified the +9 flail "Jesidip" {chaos, Str-4 Int+7}
 23919 | Vaults:5 | Got a silver rune of Zot
 24021 | Vaults:5 | Reached skill level 20 in Fighting
 24334 | Vaults:5 | Got the Catalogue of the Evil Mountains
 24398 | Vaults:5 | Reached skill level 21 in Fighting
 24398 | Vaults:5 | Reached XP level 21. HP: 114/148 MP: 31/33
 24423 | Vaults:5 | Got the Incunabulum of the Frostbite
 24540 | Vaults:5 | Noticed a golden dragon
 24583 | Vaults:5 | Killed a golden dragon
 24837 | Vaults:5 | Reached skill level 22 in Fighting
 25700 | Vaults:5 | Cast into level 2 of the Abyss (a deep elf demonologist)
 25924 | Abyss:3  | Found a hazy altar of Hepliaklqana.
 25933 | Abyss:3  | Paralysed by accursed screaming for 1 turns
 26079 | Abyss:3  | Paralysed by accursed screaming for 1 turns
 26097 | Abyss:3  | Paralysed by accursed screaming for 1 turns
 26173 | Vaults:5 | Escaped the Abyss
 26411 | Vaults:5 | Found the +5 demon whip "Spellbinder" {antimagic, Will+}
 27874 | Depths:1 | Entered Level 1 of the Depths
 27915 | Depths:1 | Found Neifelal's Specialty Armours.
 28028 | Depths:1 | Reached XP level 22. HP: 65/158 MP: 10/34
 28241 | Depths:1 | Found a gateway to Hell.
 28281 | Hell     | Entered the Vestibule of Hell
 28286 | Hell     | Noticed Geryon
 28319 | Hell     | HP: 5/158 [ancient champion/iron shot (13)]
 28329 | Hell     | Reached skill level 23 in Fighting
 28329 | Hell     | HP: 3/160 [ancient champion (13)]
 28331 | Hell     | Killed from afar by an ancient champion

Illustrated notes

Levels and vault maps discovered:
D:1:      scummos_arrival_simple_crosswalls, layout_loops_ring,
          ebering_ecumenical_altar_webs
D:2:      layout_loops_ring, cheibrodos_gnoll_hut, uniq_robin
D:3:      layout_rooms, nicolae_gozag_cash_rules_everything_around_me,
          nemelex_spade_bored_becter
D:4:      layout_basic, mainiacjoe_overflow_concentric_impassable, serial_shops,
          nicolae_shop_trees
D:5:      layout_loops_cross, grunt_dithmenos_smoke_and_mirrors,
          minmay_temple_entry_glassed_door
D:6:      layout_loops_ring, uniq_prince_ribbit1, uniq_pikel
D:7:      layout_loops_ring, nicolae_vehumet_radiance,
          hangedman_abyss_or_decor_slice, kennysheep_generic_room_14
D:8:      layout_loops_corners, kiku_gazebo_garden_becter, lemuel_crystal_altar
D:9:      layout_irregular_city, uniq_joseph
D:10:     layout_roguey, erik_lair_orcish_takeover, serial_shops, shop,
          st_stairs_7, minmay_misc_feat_secret_circle, grunt_ministairs_10
D:11:     minmay_distorted_concentric_squares, layout_long_grid, orc_0_dummy,
          uniq_maurice, uniq_urug
D:12:     minmay_isolated_rectangles_in_corner, layout_basic, serial_shops,
          nicolae_lakefront_shop, argonaut_gorgonesque, uniq_gastronok
D:13:     layout_basic, david_vaults_5, enter_trove_0, uniq_jorgrun, uniq_azrael
D:14:     layout_roguey, hex_tiny, uniq_kirke
D:15:     grunt_enter_depths_hoard, layout_long_grid,
          nicolae_ru_sacrificial_ziggurat, moated_statue, serial_nicolae_subway,
          nicolae_sub_station_crystal, nicolae_sub_station_metal,
          nicolae_sub_station_stone, uniq_agnes, uniq_rupert
Temple:   regret_index_temple_generic_petals
Lair:1:   layout_gridlike
Lair:2:   layout_chaotic_city, elwin_shoals_entry_stream, lemuel_fruit_fields
Lair:3:   layout_chaotic_city, nicolae_volcano_entry_batcave,
          kennysheep_rathole, grunt_megastairs_4, serial_bayou_shore_a,
          uniq_nergalle, uniq_sonja
Lair:4:   layout_regular_city, minmay_snake_entry_guardpost_medium,
          grunt_megastairs_1, lemuel_fruit_fields
Lair:5:   dragon1_lemuel, layout_hall_layers, minmay_slime_entry_pillars
Lair:6:   grunt_lair_end_beastmaster, layout_gridlike,
          portal_ice_cave_entry_pillars_1, nicolae_lair_grove_arrangements
Shoals:1: layout_shoals
Shoals:2: layout_shoals, serial_shops, shop
Shoals:3: layout_shoals, uniq_donald
Shoals:4: shoals_end_grunt_ice, layout_shoals, serial_shops,
          nicolae_shop_advertising_works [nicolae_subvault_shop_adworks]
Snake:1:  layout_cave_shapes, grunt_megastairs_5, minmay_shop_grove
Snake:2:  layout_gridlike, ebering_ghost_gozag, serial_bayou_lagoon_a,
          nicolae_snake_bzzzt, grunt_megastairs_3, serial_bayou_shore_b
Snake:3:  layout_layer_cave, grunt_ministairs_14, uniq_aizul, uniq_asterion,
          uniq_vashnia, uniq_roxanne
Snake:4:  grunt_snake_rune_serpentine_throne, layout_misc_corridors,
          ebering_ghost_disaster_area
Orc:1:    layout_caves, nicolae_alphabet_shops
Orc:2:    st_orc_rangers, layout_caves, nicolae_shop_firing_range, uniq_erolcha
Vaults:1: vaults_mumra_chevron, st_quartered_hall, vaults_room_hallway,
          ontoclasm_vaults_tryst, hangedman_vaults_variations, v_misc_2,
          nicolae_vaults_border_crossing, grunt_vaults_focal, v_misc_19,
          ontoclasm_vaults_twist, vaults_room_hallway, v_misc_25,
          grunt_vaults_funnel, vaults_mumra_minichess, nicolae_vaults_alarming,
          layout_vaults_ring
Vaults:2: ontoclasm_vaults_fault, v_misc_23, nicolae_vaults_network_s,
          vaults_dpeg_diagonal, nicolae_vaults_circle_grid_b,
          nicolae_vaults_little_squares_6, ontoclasm_vaults_loading_screen,
          nicolae_vaults_mini_display_case, ontoclasm_vaults_decontamination,
          ontoclasm_vaults_gateway, v_misc_19, layout_vaults_big_room,
          serial_shops, nicolae_shop_overgrown_old_shop, uniq_margery
Vaults:3: v_misc_27, hangedman_vaults_impose, v_pattern_4,
          nicolae_vaults_stairing_the_circle, v_misc_18,
          minmay_crypt_entry_simple_corners, v_misc_17,
          nicolae_vaults_three_branches, hangedman_vaults_pinch,
          nicolae_vaults_little_squares_3, vaults_room_semicircle,
          nicolae_vaults_asterisk, layout_vaults_omnicross
Vaults:4: nicolae_vaults_ninety_degrees, v_misc_15,
          nicolae_vaults_windows_and_doors_thing,
          nicolae_vaults_diagonal_hallway_7, nicolae_vaults_quartermaster,
          vaults_dpeg_hooks, nicolae_vaults_little_ls, layout_vaults_quadrants,
          serial_shops, shop, uniq_saint_roka, uniq_sojobo
Vaults:5: serial_shops, uniq_mara
Depths:1: layout_cave_pools, pf_hell_entry_tar_river, nicolae_barding_shop
Hell

Skill      XL: |  1  2  3  4  5  6  7  8  9 10 11 12 13 14 15 16 17 18 19 20 21 22 |
---------------+-------------------------------------------------------------------+-----
Axes           | 2 3 4 12 13 15 16 18 | 18.0
Fighting       | 4 5 6 7 8 9 12 13 15 16 17 18 21 22 23 | 23.0
Armour         | 4 5 7 10 11 12 14 15 | 15.0
Evocations     | 1 3 4 |  4.0
Throwing       | 1 2 |  2.0
Shields        | 4 5 9 12 15 17 | 17.8
Dodging        | 4 5 8 |  8.0
Invocations    | 7 12 14 15 16 17 | 17.0

Action                   |  1- 3 |  4- 6 |  7- 9 | 10-12 | 13-15 | 16-18 | 19-21 | 22-24 || total
-------------------------+-------+-------+-------+-------+-------+-------+-------+-------++-------
Melee: War axe           |    97 |   102 |   160 |   317 |   954 |   873 |       |       ||  2503
       Scimitar          |       |       |       |     6 |    49 |       |       |       ||    55
       Unarmed           |       |       |       |       |       |     7 |       |       ||     7
       Broad axe         |       |       |       |       |       |   344 |  1451 |    92 ||  1887
Throw: Dart              |       |     2 |     2 |       |    10 |       |       |       ||    14
Invok: Divine Shield     |       |       |       |       |     2 |       |       |       ||     2
       Cleansing Flame   |       |       |       |       |     4 |     2 |       |     6 ||    12
       Summon Divine War |       |       |       |       |     1 |     6 |    14 |       ||    21
Evoke: Wand              |       |       |       |       |    19 |     7 |       |     1 ||    27
       Phantom mirror    |       |       |       |       |     1 |     2 |     2 |       ||     5
       Lightning rod     |       |       |       |       |       |    10 |     2 |       ||    12
       Box of beasts     |       |       |       |       |       |     1 |     1 |       ||     2
  Use: Scroll            |     1 |     9 |     5 |     1 |     9 |    14 |     6 |     3 ||    48
       Potion            |       |     1 |       |     2 |     4 |     2 |     5 |     4 ||    18
Armor: Scale mail        |    38 |       |       |       |       |       |       |       ||    38
       Chain mail        |    40 |    63 |       |       |       |       |       |       ||   103
       Plate armour      |       |    15 |   103 |     8 |       |    35 |   509 |       ||   670
       Troll leather arm |       |       |       |   103 |   429 |   389 |   142 |    69 ||  1132
Dodge: Dodged            |    55 |    31 |    52 |   119 |   427 |   434 |   355 |    47 ||  1520
Block: Buckler           |    22 |    26 |    25 |    38 |   132 |       |       |       ||   243
       Kite shield       |       |       |       |       |   158 |   767 |   600 |       ||  1525
       Reflection        |       |       |       |       |    15 |    63 |    46 |       ||   124
       Tower shield      |       |       |       |       |       |       |   454 |   149 ||   603
